 Dungeon Crawl Stone Soup version 0.31-a0-152-g6aa68a64a1 (webtiles) character file.

Game seed: 4449652259280490041

689 qw the Skirmisher (level 7, -1/62 HPs)
             Began as a Minotaur Hunter on June 10, 2023.
             Slain by a gnoll sergeant
             ... wielding a +2 spear of freezing
              (2 damage)
             ... on level 5 of the Dungeon.
             The game lasted 00:01:21 (3779 turns).

qw the Skirmisher (Minotaur Hunter)                 Turns: 3779, Time: 00:01:22

Health: -1/62      AC: 10    Str: 15    XL:     7   Next: 36%
Magic:  6/6        EV: 11    Int:  6    God:
Gold:   237        SH:  0    Dex: 16    Spells: 6/6 levels left

rFire   . . .        Y - +0 shortbow
rCold   + . .        (shield currently unavailable)
rNeg    . . .        f - +0 ring mail
rPois   .            (helmet restricted)
rElec   .            (no cloak)
rCorr   .            (no gloves)
SInv    .            d - +0 pair of boots
Will    .....        (no amulet)
Stlth   +            h - +4 ring of protection
HPRegen 0.30/turn    b - ring of protection from cold
MPRegen 0.10/turn

%: no passive effects
@: no status effects
A: horns 2, retaliatory headbutt
a: no special abilities


You were on level 5 of the Dungeon.
You visited 1 branch of the dungeon, and saw 5 of its levels.

You collected 237 gold pieces.


Innate Abilities, Weirdness & Mutations

You have a pair of horns on your head.
You reflexively headbutt those who attack you in melee.


   Skills:
 - Level 5.8 Fighting
 - Level 8.0 Ranged Weapons
 - Level 2.7 Armour
 + Level 2.7 Dodging
 - Level 0.7 Stealth


You had 6 spell levels left.
You didn't know any spells.
Your spell library was empty.

Inventory:

Hand Weapons
 Y - a +0 shortbow (weapon)
Armour
 d - a +0 pair of boots (worn)
 f - a +0 ring mail (worn)
Jewellery
 b - a ring of protection from cold (right hand)
 h - a +4 ring of protection (left hand)
Scrolls
 c - a scroll of enchant weapon {unknown}
 l - a scroll of identify
Potions
 a - a potion of ambrosia {unknown}
 e - a potion of curing
 g - a potion of lignification {unknown}
 i - a potion of heal wounds {unknown}
 j - a potion of haste
 k - a potion of might
 m - a potion of magic {unknown}

Dungeon Overview and Level Annotations

Branches:
Dungeon (5/15)
 Temple: D:4-7

Altars:
The Shining One

Shops:
D:3 =


Message History

You kill the gnoll!
The gnoll barely misses you.
The gnoll sergeant hits you from afar with a +2 spear of freezing.
The gnoll sergeant freezes you.
You shoot an arrow. The arrow hits the gnoll!
The gnoll is severely wounded.
The gnoll hits you from afar with a +0 spear.
The gnoll misses you. You furiously retaliate!
You headbutt the gnoll. The gnoll sergeant closely misses you.
You shoot an arrow. The arrow closely misses the gnoll.
The gnoll barely misses you. The gnoll completely misses you.
The gnoll sergeant hits you from afar with a +2 spear of freezing!
The gnoll sergeant freezes you.
You shoot an arrow. The arrow hits the gnoll.
The gnoll is almost dead.
The gnoll hits you from afar with a +0 spear.
The gnoll barely misses you.
The gnoll sergeant hits you from afar with a +2 spear of freezing!
The gnoll sergeant freezes you.
The gnoll sergeant hits you but does no damage.
The gnoll hits you with a +0 whip.
The gnoll hits you from afar with a +0 spear!
You shoot an arrow. The arrow closely misses the gnoll.
The gnoll barely misses you. The gnoll closely misses you.
You furiously retaliate!
You headbutt the gnoll.
You kill the gnoll!
The gnoll sergeant misses you. The gnoll barely misses you.
You furiously retaliate!
You headbutt the gnoll! You shoot an arrow. The arrow hits the gnoll.
The gnoll is almost dead.
The gnoll completely misses you.
The gnoll sergeant hits you from afar with a +2 spear of freezing!
The gnoll sergeant freezes you. The gnoll misses you.
You shoot an arrow. The arrow barely misses the gnoll.
The gnoll closely misses you. The gnoll sergeant barely misses you.
The gnoll misses you.
You shoot an arrow. The arrow barely misses the gnoll.
The gnoll hits you but does no damage. The gnoll hits you with a +0 flail.
The gnoll sergeant hits you from afar with a +2 spear of freezing.
You die...

#...####...#####.................
.................................
.............###.................
.............###.................
..............##.................
..............##........... ...#
..............##........ ..#
..............##........ .#
..............#.@g......
................).g.....
..................g.....
........................
........................
...................
................).
..................
................


You could see a gnoll sergeant and 2 gnolls.

Vanquished Creatures
  Menkaure (D:5)
  A phantom (D:5)
  2 scorpions (D:4)
  2 hounds (D:5)
  A jelly (D:5)
  Jessica (D:3)
  2 iguanas
  An orc wizard (D:3)
  3 gnolls (D:5)
  4 adders
  A white imp (D:5)
  3 worms
  3 dart slugs (D:4)
  15 orcs
  11 bats
  8 endoplasms
  4 giant cockroaches
  3 goblins
  4 hobgoblins
  6 jackals
  7 quokkas
  3 ball pythons
  5 frilled lizards
  4 kobolds
  5 rats
100 creatures vanquished.

Notes
Turn   | Place    | Note
-------+----------+-------------------------------------------
     0 | D:1      | qw the Minotaur Hunter began the quest for the Orb.
     0 | D:1      | Reached XP level 1. HP: 18/18 MP: 0/0
     0 | D:1      | 0 ||| qw: Version: 0.2-a-122-gbc61b45
     0 | D:1      | 0 ||| qw: Game counter: 3545
     0 | D:1      | 0 ||| qw: Always use a shield: true
     0 | D:1      | 0 ||| qw: God list: Okawaru
     0 | D:1      | 0 ||| qw: Allow faded altars: false
     0 | D:1      | 0 ||| qw: Do Orc after D:15 true
     0 | D:1      | 0 ||| qw: Do second Lair branch before Depths: true
     0 | D:1      | 0 ||| qw: Lair rune preference: random
     0 | D:1      | 0 ||| qw: Plans: Normal
     0 | D:1      | 0 ||| PLANNING D:1-11
   163 | D:1      | Reached XP level 2. HP: 25/25 MP: 1/1
   174 | D:1      | Reached skill level 5 in Ranged Weapons
   405 | D:1      | Reached skill level 3 in Fighting
   795 | D:1      | 795 ||| UPGRADING to +4 ring of protection.
   796 | D:1      | 796 ||| READING scroll labelled RUSAAPTOUFE.
   797 | D:1      | 797 ||| READING scroll labelled EDOINN RYTEOST.
   798 | D:1      | 798 ||| READING scroll labelled UWAURU JIJE.
   799 | D:1      | 799 ||| READING scroll labelled KEMAOSMETOU.
   802 | D:1      | 802 ||| DROPPING scroll of butterflies.
  1086 | D:2      | Reached XP level 3. HP: 31/31 MP: 2/2
  1165 | D:2      | Identified the +5 dagger "Qeago" {freeze, rF- rC++ rCorr
                  | Str+3}
  1712 | D:2      | 1712 ||| UPGRADING to +0 pair of boots.
  1717 | D:2      | 1717 ||| UPGRADING to ring of protection from cold.
  1718 | D:2      | 1718 ||| READING scroll labelled JALAED EMNUAJA.
  1719 | D:2      | 1719 ||| DRINKING 2 bubbling white potions.
  1978 | D:3      | Noticed Jessica
  1984 | D:3      | Killed Jessica
  1985 | D:3      | Reached skill level 6 in Ranged Weapons
  1985 | D:3      | Reached XP level 4. HP: 22/38 MP: 3/3
  2112 | D:3      | Reached skill level 1 in Armour
  2264 | D:3      | Found Syeloum's Jewellery Boutique.
  2270 | D:3      | 2270 ||| SHOPLISTING amulet of faith (480 gold, have 83).
  2270 | D:3      | 2270 ||| SHOPLISTING amulet of regeneration (360 gold, have
                  | 83).
  2270 | D:3      | 2270 ||| SHOPLISTING amulet of the acrobat (360 gold, have
                  | 83).
  2270 | D:3      | 2270 ||| SHOPLISTING ring of poison resistance (240 gold,
                  | have 83).
  2270 | D:3      | 2270 ||| SHOPLISTING ring of resist corrosion (240 gold,
                  | have 83).
  2270 | D:3      | 2270 ||| SHOPLISTING ring of willpower (300 gold, have 83).
  2298 | D:3      | Found a faded altar of an unknown god.
  2579 | D:3      | 2579 ||| READING scroll labelled VAK RUATHO.
  2580 | D:3      | 2580 ||| DRINKING 2 green potions.
  2622 | D:4      | Noticed a scorpion
  2633 | D:4      | Killed a scorpion
  2634 | D:4      | Reached XP level 5. HP: 46/46 MP: 4/4
  2660 | D:4      | Reached skill level 7 in Ranged Weapons
  2807 | D:4      | Reached XP level 6. HP: 50/52 MP: 5/5
  2879 | D:4      | Found a glowing golden altar of the Shining One.
  3323 | D:4      | 3323 ||| UPGRADING to +0 ring mail.
  3333 | D:4      | 3333 ||| DROPPING +0 leather armour.
  3334 | D:4      | 3334 ||| DRINKING 2 yellow potions.
  3356 | D:5      | Entered Level 5 of the Dungeon
  3442 | D:5      | Reached skill level 8 in Ranged Weapons
  3514 | D:5      | Noticed Menkaure
  3525 | D:5      | Killed Menkaure
  3526 | D:5      | Reached XP level 7. HP: 21/62 MP: 6/6
  3775 | D:5      | HP: 12/62 [gnoll/+0 spear[a gnoll sergeant] (7)]
  3777 | D:5      | HP: 5/62 [gnoll sergeant/+2 spear of freezing (7)]
  3779 | D:5      | HP: 1/62 [gnoll/+0 flail[a gnoll sergeant] (3)]
  3779 | D:5      | Slain by a gnoll sergeant

Levels and vault maps discovered:
D:1:      minmay_arrival_glassed_features, layout_basic
D:2:      layout_loops_corners
D:3:      layout_loops_ring, chequers_ecumenical_altar_lobes, serial_shops,
          nicolae_shop_trees, minivault_19, minmay_ruptured, uniq_jessica
D:4:      layout_basic, nicolae_tso_swordbearing_angel,
          kennysheep_generic_room_9
D:5:      layout_layer_cave, dk_yredelemnul_ordeal, minmay_temple_entry_wispy,
          amcnicky_altar_lugonu_corruption, uniq_menkaure

Skill      XL: |  1  2  3  4  5  6  7 |
---------------+----------------------+-----
Ranged Weapons | 5 6 7 8 |  8.0
Fighting       | 3 4 5 |  5.8
Armour         | 1 2 |  2.7
Dodging        | |  2.7
Stealth        | |  0.7

Action                     |  1- 3 |  4- 6 |  7- 9 || total
---------------------------+-------+-------+-------++-------
   Fire: Shortbow          |   128 |   166 |    47 ||   341
    Use: Scroll            |     5 |     1 |       ||     6
         Potion            |     1 |     2 |       ||     3
 Armour: Leather armour    |    16 |    16 |       ||    32
         Ring mail         |       |    16 |    11 ||    27
  Dodge: Dodged            |    39 |    43 |    22 ||   104

Table legend:
 A = Non-vault XP
 B = Vault XP
 C = Vault XP percentage of total XP
 D = Non-vault monster count
 E = Vault monster count
 F = Vault count percentage of total count
                 A         B        C        D         E       F
            +---------+---------+-------+---------+---------+-------
      Total |     686 |     299 |  30.4 |      94 |       6 |   6.0
            +---------+---------+-------+---------+---------+-------
        D:1 |      33 |       0 |   0.0 |      21 |       0 |   0.0
        D:2 |      28 |       0 |   0.0 |      18 |       0 |   0.0
        D:3 |      76 |      44 |  36.7 |      18 |       4 |  18.2
        D:4 |     182 |      83 |  31.3 |      20 |       1 |   4.8
        D:5 |     367 |     172 |  31.9 |      17 |       1 |   5.6
            +---------+---------+-------+---------+---------+-------
